AoeStats
← Tingus Pingus

Arena

509758204Analyzed
1v1 RM · 4d ago on Sep 27, 2026· 39m 15s· 2 players
Game mode
Random Map
Map size
Tiny (2 player)
Population
200
Speed
Normal
Resources
Standard
Victory
Conquest
Starting age
Dark Age
Ending age
Imperial Age
RankedLock teamsTeams togetherTeam positionsShared explorationLock speedFull tech treeHidden civsTurbo modeCheats
Victory
Defeat
🇨🇦 Hindustanis · Canada
1107
+16
🇧🇷 Spanish · Brazil
1110
-16
Tingus Pingus
10:38 Feudal Age
12:20 Double-Bit Axe
14:46 Castle Age
12:44 Horse Collar
20:05 Bow Saw
19:59 Heavy Plow
21:29 Loom
21:56 Gold Mining
23:14 Forging
25:10 Bloodlines
25:58 Iron Casting
27:18 Wheelbarrow
29:20 Imperial Age
27:39 Gold Shaft Mining
26:54 Stone Mining
28:38 Fletching
28:56 Scale Barding Armor
28:17 Elite Skirmisher
31:18 Blast Furnace
29:47 Heavy Camel Rider
30:28 Husbandry
31:14 Conscription
32:57 Siege Engineers
33:53 Chemistry
33:13 Ballistics
33:01 Light Cavalry
33:54 Murder Holes
34:38 Chain Barding Armor
34:13 Bodkin Arrow
34:10 Hussar
36:11 Plate Barding Armor
35:37 Padded Archer Armor
35:48 Grand Trunk Road
35:57 Imperial Camel Rider
36:41 Scale Mail Armor
37:09 Masonry
38:46 Bracer
39:01 Leather Archer Armor
39:02 Chain Mail Armor
39:11 Squires
38:57 Arson
38:32 Pikeman
39:32 Shatagni
NossilaSednem
8:07 Loom
10:51 Feudal Age
15:40 Castle Age
20:52 Fletching
21:04 Scale Mail Armor
22:32 Stone Mining
22:32 Gold Mining
24:52 Squires
24:38 Arson
27:20 Padded Archer Armor
27:24 Double-Bit Axe
28:18 Stone Shaft Mining
27:33 Gold Mining
28:18 Stone Shaft Mining
27:24 Elite Skirmisher
28:28 Leather Archer Armor
30:00 Bodkin Arrow
30:21 Chain Mail Armor
30:16 Forging
30:32 Gold Mining
31:08 Scale Barding Armor
35:06 Husbandry
37:41 Imperial Age
37:40 Chain Barding Armor
37:56 Iron Casting
Connection lost

Rejoining the realm…

Still unreachable

The connection could not be restored.

Session expired

The server has moved on; the page needs a fresh start.